 Dungeon Crawl Stone Soup version 0.18.1-47-g9310371 (webtiles) character file.

67 Oakoak the Ducker (level 3, 35/35 HPs)
             Began as a Troll Warper on June 20, 2016.
             Starved to death
             ... on level 3 of the Dungeon.
             The game lasted 00:05:05 (1614 turns).

Oakoak the Ducker (Troll Warper)                    Turns: 1614, Time: 00:05:06

Health: 35/35      AC:  5    Str: 19    XL:     3   Next: 98%
Magic:  3/3        EV: 10    Int:  9    God:
Gold:   51         SH:  0    Dex: 10    Spells: 1 memorised, 3 levels left

rFire  . . .     SeeInvis .       - Unarmed
rCold  . . .     Gourm    +     a - +0 robe
rNeg   . . .     Faith    .     (no shield)
rPois  .         Spirit   .     (helmet restricted)
rElec  .         Dismiss  .     (no cloak)
rCorr  .         Reflect  .     (gloves unavailable)
SustAt .         Harm     .     (boots unavailable)
MR     .....                    (no amulet)
Stlth  +.........               (no ring)
                                (no ring)

@: fainting, not resistant to hostile enchantments, very unstealthy
A: unfitting armour, claws 3, fast metabolism 3, gourmand, regeneration 2,
shaggy fur 1, tough skin 2
a: no special abilities


You were on level 3 of the Dungeon.
You were fainting.

You visited 1 branch of the dungeon, and saw 3 of its levels.

You collected 51 gold pieces.

Inventory:

Hand Weapons
 h - a +0 hand axe
 i - a +0 short sword
Missiles
 d - 5 tomahawks of dispersal (quivered)
Armour
 a - a +0 robe (worn)
 e - a +0 leather armour
Wands
 j - a wand of random effects (33/48)
Scrolls
 c - a scroll of blinking
 k - a scroll of identify {unknown}
 l - a scroll of amnesia {unknown}
Potions
 g - a potion of haste {unknown}
 m - a potion of invisibility {unknown}
Books
 b - a book of Spatial Translocations

   Spells                             Type                      Level
   a - Apportation                    Translocation                1
   b - Blink                          Translocation                2
   c - Shroud of Golubria             Charms/Translocation         2
   d - Portal Projectile              Translocation                3
   e - Teleport Other                 Translocation                3
   f - Passage of Golubria            Translocation                4


   Skills:
 + Level 1.9 Fighting
 + Level 1.0 Throwing
 + Level 2.8 Dodging
 + Level 2.2 Unarmed Combat
 + Level 1.2 Spellcasting
 + Level 2.7 Translocations


You had 3 spell levels left.
You knew the following spells:

 Your Spells              Type           Power        Failure   Level  Hunger
a - Apportation           Tloc           #.........   12%         1    ##.....


Dungeon Overview and Level Annotations

Branches:
Dungeon (3/15)

Altars:
Xom


Innate Abilities, Weirdness & Mutations

You are too large for most types of armour.
You have claws for hands.
Your metabolism is lightning-fast.
You like to eat raw meat.
You heal very quickly.
You are covered in fur (AC +1).
You have very tough skin (AC +2).


Message History

You need to eat something NOW!
You need to eat something NOW!
Found 22 sling bullets.
You see here 22 sling bullets.
You are fainting from starvation!
You enter the shallow water.
Moving in this stuff is going to be slow.
You lose consciousness!
You can move again.
You see here a plate armour.
Found 23 arrows.
You see here 27 stones.
You lose consciousness!
You can move again.
You open the door.
Found 16 gold pieces.
Found 11 gold pieces.
Found a stone staircase leading down.
There is an open door here.
You have starved to death.
You die...

# ##### #>... #.#..
#.##. #######.##.##
#.......##..# #
#.......###.###.#######
#..$..@.'...(..(.......
#$......###..##########
######### ##.## #.....
#[.# #.###.
##.####'#<..
#........## ##.......+.
#.......## ##.####...


There were no monsters in sight!

Vanquished Creatures
  An orc wizard (D:3)
  An adder (D:3)
  An ooze (D:1)
  3 orcs (D:3)
  2 bats
  2 goblins
  2 hobgoblins
  5 jackals (D:3)
  A kobold (D:3)
  A quokka (D:3)
19 creatures vanquished.

Notes
Turn   | Place    | Note
--------------------------------------------------------------
     0 | D:1      | Oakoak the Troll Warper began the quest for the Orb.
     0 | D:1      | Reached XP level 1. HP: 19/19 MP: 1/1
   154 | D:1      | Reached XP level 2. HP: 28/28 MP: 2/2
   544 | D:3      | Reached skill level 1 in Throwing
   544 | D:3      | Reached XP level 3. HP: 25/35 MP: 3/3
   618 | D:3      | Found a shimmering altar of Xom.
   620 | D:3      | Found a shimmering altar of Xom.
   621 | D:3      | Found a shimmering altar of Xom.
   621 | D:3      | Found a shimmering altar of Xom.
   622 | D:3      | Found a shimmering altar of Xom.
   622 | D:3      | Found a shimmering altar of Xom.
   633 | D:3      | Found a shimmering altar of Xom.
  1587 | D:3      | Paralysed by fainting for 5 turns
  1605 | D:3      | Paralysed by fainting for 5 turns
  1614 | D:3      | Starved to death

Skill      XL: |  1  2 |
---------------+-------+-----
Dodging        | 2 |  2.8
Throwing       | 1 |  1.0
Fighting       | |  1.9
Unarmed Combat | |  2.2
Spellcasting   | |  1.2
Translocations | |  2.7

Action                   || total
-------------------------++-------
Melee: Unarmed           ||    63
  Eat: Bread ration      ||     2
Armor: Robe              ||    27
Dodge: Dodged            ||    48
